 Dungeon Crawl Stone Soup version 0.30-a0-358-g0d69a19 (webtiles) character file.

Game seed: 1439038243528960463

9249 Dorkslayer the Blocker (level 11, -2/84 HPs)
             Began as a Merfolk Fighter on Nov 10, 2022.
             Was an Initiate of Gozag.
             Slain by a manticore (18 damage)
             ... on level 10 of the Dungeon.
             The game lasted 00:27:36 (8797 turns).

Dorkslayer the Blocker (Merfolk Fighter)            Turns: 8797, Time: 00:27:37

Health: -2/84      AC: 19    Str: 18    XL:     11   Next: 43%
Magic:  11/11      EV: 11    Int: 10    God:    Gozag
Gold:   652        SH: 11    Dex: 14    Spells: 10/10 levels left

rFire   + + .      SeeInvis +    j - +9 hand axe of Propriety {vorpal, Fly rF++ SInv}
rCold   + . .      Faith    .    M - +0 kite shield
rNeg    + . .      Spirit   .    v - +2 chain mail {rC+}
rPois   .          Reflect  .    q - +0 helmet
rElec   .          Harm     .    b - +2 cloak
rCorr   .          Rampage  .    p - +0 pair of gloves
Will    .....                    N - +0 pair of boots
Stlth   ..........               (no amulet)
HPRegen 0.34/turn                V - +4 ring of evasion
MPRegen 0.12/turn                E - ring of positive energy

@: gold aura, flying, invisible (expiring)
A: (nimble swimmer 2), mertail
a: Renounce Religion, Potion Petition, Call Merchant, Bribe Branch


You were on level 10 of the Dungeon.
You worshipped Gozag.
Gozag was pleased with you.
You visited 2 branches of the dungeon, and saw 12 of its levels.
You also visited: Sewer.

You collected 1227 gold pieces.
You spent 408 gold pieces at shops.
You paid 167 gold pieces to Gozag.

Inventory:

Hand Weapons
 a - a +1 trident
 j - the +9 hand axe of Propriety (weapon) {vorpal, Fly rF++ SInv}
   (You found it on level 2 of the Dungeon)

   It inflicts extra damage upon your enemies.
   rF:        It greatly protects you from fire.
   SInv:      It lets you see invisible.
   Fly:       It grants you flight.
 w - the +7 long sword "Zuosaa" {vorpal, Dex+4}
   (You found it on level 8 of the Dungeon)

   It inflicts extra damage upon your enemies.
   Dex:       It affects your dexterity (+4).
 x - a +6 spear of venom
Missiles
 C - 50 poisoned darts (quivered)
 H - a throwing net
Armour
 b - a +2 cloak (worn)
 p - a +0 pair of gloves (worn)
 q - a +0 helmet (worn)
 v - a +2 chain mail of cold resistance (worn)
 B - a +0 plate armour
 M - a +0 kite shield (worn)
 N - a +0 pair of boots (worn)
Jewellery
 s - a ring of see invisible
 y - a ring of protection from fire
 E - a ring of positive energy (right hand)
 Q - a ring of wizardry
 U - a ring of protection from cold
 V - a +4 ring of evasion (left hand)
Wands
 e - a wand of flame (19)
 f - a wand of polymorph (12)
 G - a wand of digging (6)
 L - a wand of iceblast (9)
 O - a wand of charming (19)
Scrolls
 h - 4 scrolls of brand weapon {unknown}
 l - 9 scrolls of teleportation
 m - 2 scrolls of enchant armour
 o - 4 scrolls of fear
 r - 2 scrolls of vulnerability {unknown}
 t - 3 scrolls of amnesia
 z - a scroll of magic mapping
 A - 2 scrolls of poison
 F - 4 scrolls of fog
 P - a scroll of silence {unknown}
 S - a scroll of blinking {unknown}
Potions
 c - 2 potions of haste
 d - 2 potions of might
 g - 4 potions of mutation
 i - 2 potions of invisibility
 k - 3 potions of flight
 n - 7 potions of curing
 I - 2 potions of cancellation
 J - 3 potions of attraction {unknown}
 K - 2 potions of brilliance {unknown}
 R - 2 potions of magic {unknown}
 T - a potion of berserk rage {unknown}


   Skills:
 * Level 7.4 Fighting
 + Level 7.5(7.7) Axes
 + Level 4.1(8.6) Polearms
 - Level 1.6 Throwing
 + Level 5.8 Armour
 + Level 3.7 Dodging
 + Level 1.6 Stealth
 * Level 8.5 Shields
 * Level 7.5 Evocations


You had 10 spell levels left.
You didn't know any spells.
Your spell library contained the following spells:

 Spells                   Type           Power      Damage    Failure   Level
 Apportation              Tloc           0%         N/A       100%        1
 Necrotise                Necr           0%         1d4       100%        1
 Sandblast                Erth           0%         2d4       100%        1
 Summon Small Mammal      Summ           0%         N/A       100%        1
 Cigotuvi's Dreadful Rot  Necr/Pois/Air  0%         N/A       100%        2
 Passwall                 Tmut/Erth      0%         N/A       100%        2
 Poisonous Vapours        Pois/Air       0%         N/A       100%        2
 Call Canine Familiar     Summ           0%         N/A       100%        3
 Dazzling Flash           Conj/Hex       0%         N/A       100%        3
 Gell's Gravitas          Tloc           0%         N/A       100%        3
 Lesser Beckoning         Tloc           0%         N/A       100%        3
 Mephitic Cloud           Conj/Pois/Air  0%         N/A       100%        3
 Ozocubu's Armour         Ice            0%         N/A       100%        3
 Portal Projectile        Hex/Tloc       0%         N/A       100%        3
 Stone Arrow              Conj/Erth      0%         3d7       100%        3
 Teleport Other           Tloc           0%         N/A       100%        3
 Tukima's Dance           Hex            0%         N/A       100%        3
 Animate Armour           Summ/Erth      0%         N/A       100%        4
 Leda's Liquefaction      Hex/Erth       0%         N/A       100%        4
 Agony                    Necr           0%         N/A       100%        5
 Blade Hands              Tmut           0%         N/A       100%        5
 Fireball                 Conj/Fire      0%         3d3       100%        5
 Iskenderun's Battlesphe  Conj           0%         2d6       100%        5
 Metabolic Englaciation   Hex/Ice        0%         N/A       100%        5
 Silence                  Hex/Air        0%         N/A       100%        5
 Conjure Ball Lightning   Conj/Air       0%         3x3d6     100%        6
 Orb of Destruction       Conj           0%         9d5       100%        7
 Lehudib's Crystal Spear  Conj/Erth      0%         10d2      100%        8
 Simulacrum               Ice/Necr       Unusable   N/A       N/A         6

Dungeon Overview and Level Annotations

Branches:
Dungeon (11/15)            Temple (1/1) D:7           Sewer (visited)
   Lair: D:8-11         Orc: D:9-12

Altars:
Ashenzari
Cheibriados
Dithmenos
Elyvilon
Fedhas
Gozag
Hepliaklqana
Kikubaaqudgha
Makhleb
Nemelex Xobeh
Okawaru
Qazlal
Ru
Sif Muna
Trog
Uskayaw
Vehumet
Wu Jian
Xom
Yredelemnul
Zin
The Shining One

Shops:
D:6 [!(!   D:10 (

Annotations:
D:7 2 transporters


Innate Abilities, Weirdness & Mutations

((You are very nimble when in or above water. (Stealth+, EV+, Speed+++)))
Your lower body shifts to a powerful aquatic tail in water.


Message History

* * * LOW HITPOINT WARNING * * *
The manticore claws you.
* * * LOW HITPOINT WARNING * * *
You block the manticore's attack. The komodo dragon bites you.
* * * LOW HITPOINT WARNING * * *
You feel better.
You flicker for a moment.
The manticore misses you.
The manticore claws you but does no damage.
The manticore claws you.
* * * LOW HITPOINT WARNING * * *
The komodo dragon is distracted by your dazzling golden aura.
The komodo dragon hisses angrily.
You feel better.
You hit the komodo dragon.
The komodo dragon is no longer distracted by gold.
The komodo dragon is heavily wounded.
The manticore flicks its tail.
The volley of spikes hits the komodo dragon!
The komodo dragon bites you but does no damage.
You barely miss the manticore.
The manticore is severely wounded.
You strike the helpless komodo dragon from behind!
You hit the komodo dragon. The komodo dragon closely misses you.
The manticore bites you.
* * * LOW HITPOINT WARNING * * *
The manticore claws you.
* * * LOW HITPOINT WARNING * * *
The manticore misses you.
You slash the manticore!
The manticore is almost dead.
You slash the komodo dragon!
You kill the komodo dragon!
The manticore barely misses you. You block the manticore's attack.
The manticore claws you but does no damage.
You barely miss the manticore.
The manticore is almost dead.
The manticore bites you!!
You die...
Your body crumbles into a pile of gold.

##..#.......##...##... ####
#...#......##.......#. ...#
##...........#.......#. .≈.##
##......#..#............ .≈..#
##∩.....##..#............ ≈§..#
#.......##............... ≈≈..#
#.......###.............. §§..#
##.......###.........)....
≈§§§####........@H...............
≈≈..##...........$...............
≈..............##.>..........#...
.............#.....$.............
.............##..#.............##
.............#...#......##.##..##
.................#...##.#......##
..........................##.....
))..........)......#.......#.....


You could see a manticore (unable to see you).

Vanquished Creatures
  3 two-headed ogres
  A cyclops (D:11)
  A komodo dragon (D:10)
  3 kobold demonologists (D:10)
  A troll (D:7)
  2 hornets (D:8)
  A shadow (D:9)
  2 wyverns
  Eustachio (D:5)
  2 steam dragons
  An acid dragon (D:8)
  3 wargs (D:11)
  A water moccasin (D:8)
  2 orc warriors (D:9)
  An ice beast (D:7)
  2 ogres
  A centaur (D:8)
  A phantom (D:7)
  5 kobold brigands
  8 bullfrogs
  3 necrophages
  3 gnoll sergeants
  5 scorpions
  10 wights
  3 howler monkeys
  2 killer bees
  2 electric eels (D:8)
  5 hounds
  4 jellies
  An orc priest (D:9)
  A gnoll bouda (D:5)
  2 iguanas (D:7)
  14 orc wizards
  Robin (D:4)
  16 adders
  20 gnolls
  2 river rats (Sewer)
  A shadow imp (D:4)
  2 white imps
  An ufetubus (D:7)
  2 worms
  4 dart slugs
  39 orcs
  7 endoplasms
  2 giant cockroaches
  14 goblins
  9 hobgoblins
  2 jackals (D:1)
  2 quokkas
  20 ball pythons
  4 bats (D:1)
  7 frilled lizards
  18 kobolds
  32 rats
302 creatures vanquished.

Vanquished Creatures (others)
  4 plants
4 creatures vanquished.

Grand Total: 306 creatures vanquished

Notes
Turn   | Place    | Note
-------+----------+-------------------------------------------
     0 | D:1      | Dorkslayer the Merfolk Fighter began the quest for the Orb.
     0 | D:1      | Reached XP level 1. HP: 18/18 MP: 1/1
   106 | D:1      | Reached XP level 2. HP: 10/24 MP: 2/2
   183 | D:1      | Found a faded altar of an unknown god.
   283 | D:1      | Reached skill level 1 in Dodging
   317 | D:1      | Reached XP level 3. HP: 29/29 MP: 3/3
   802 | D:2      | Identified the +9 hand axe of Propriety {vorpal, Fly rF++
                  | SInv}
  1573 | D:3      | Reached XP level 4. HP: 37/37 MP: 4/4
  1632 | D:3      | Reached skill level 1 in Axes
  1634 | D:3      | Reached XP level 5. HP: 36/42 MP: 5/5
  2009 | D:4      | Found a stormy altar of Qazlal.
  2018 | D:4      | Found an ancient bone altar of Kikubaaqudgha.
  2105 | D:4      | Found a basalt altar of Yredelemnul.
  2299 | D:4      | Noticed Robin
  2314 | D:4      | Killed Robin
  2446 | D:4      | Found a burning altar of Makhleb.
  2516 | D:4      | Found a glowing drain.
  2521 | D:4      | Reached XP level 6. HP: 45/48 MP: 6/6
  2529 | Sewer    | Entered a sewer
  2649 | Sewer    | Reached skill level 1 in Evocations
  2769 | Sewer    | Reached XP level 7. HP: 47/55 MP: 7/7
  3534 | D:5      | Entered Level 5 of the Dungeon
  3577 | D:5      | Noticed Eustachio
  3601 | D:5      | Killed Eustachio
  3776 | D:5      | Reached skill level 5 in Fighting
  3776 | D:5      | Reached XP level 8. HP: 62/62 MP: 8/8
  3909 | D:5      | Reached skill level 4 in Shields
  4432 | D:6      | Found Cibaar Seuwu's Distillery.
  4476 | D:6      | Found a shimmering blue altar of Sif Muna.
  4489 | D:6      | Reached skill level 1 in Throwing
  4526 | D:6      | Found Tyacreaj's Antique Armour Emporium.
  4586 | D:6      | Found an ornate altar of the Wu Jian Council.
  4643 | D:6      | Reached skill level 5 in Axes
  4723 | D:6      | Reached XP level 9. HP: 68/68 MP: 9/9
  4973 | D:6      | Found Ujyete's Distillery.
  5042 | D:6      | Found Adesoon's Weapon Boutique.
  5134 | D:7      | Found a transporter.
  5140 | D:7      | Noticed a manticore
  5156 | D:7      | Noticed a gargoyle
  5223 | D:7      | Found a staircase to the Ecumenical Temple.
  5237 | Temple   | Entered the Ecumenical Temple
  5289 | Temple   | Became a worshipper of Gozag Ym Sagoz the Greedy
  5354 | D:7      | Found a transporter.
  5386 | D:7      | Reached skill level 5 in Evocations
  5525 | D:7      | Reached skill level 5 in Shields
  5922 | D:6      | Bought 2 potions of curing for 72 gold pieces
  5922 | D:6      | Bought 2 potions of curing for 72 gold pieces
  5922 | D:6      | Bought a potion of lignification for 36 gold pieces
  5922 | D:6      | Bought a potion of degeneration for 12 gold pieces
  5922 | D:6      | Bought a potion of cancellation for 96 gold pieces
  5922 | D:6      | Bought a potion of haste for 120 gold pieces
  5957 | D:8      | Noticed a troll
  5960 | D:8      | Noticed a hornet
  5973 | D:7      | Killed a troll
  6047 | D:8      | Killed a hornet
  6048 | D:8      | Reached skill level 6 in Shields
  6048 | D:8      | Reached XP level 10. HP: 48/76 MP: 10/10
  6389 | D:8      | Identified the +7 long sword "Zuosaa" {vorpal, Dex+4}
  7110 | D:9      | Reached skill level 7 in Shields
  7149 | D:9      | Found an iron altar of Okawaru.
  7252 | D:9      | Reached skill level 5 in Armour
  7813 | D:9      | Found a shadowy altar of Dithmenos.
  7822 | D:9      | Reached skill level 1 in Stealth
  8026 | D:10     | Entered Level 10 of the Dungeon
  8067 | D:10     | Noticed a kobold demonologist
  8072 | D:10     | Found a glowing silver altar of Zin.
  8081 | D:10     | Noticed a kobold demonologist
  8082 | D:10     | Noticed a kobold demonologist
  8088 | D:10     | Killed a kobold demonologist
  8095 | D:10     | Killed a kobold demonologist
  8101 | D:10     | Killed a kobold demonologist
  8162 | D:10     | Noticed a two-headed ogre
  8174 | D:10     | Killed a two-headed ogre
  8175 | D:10     | Reached XP level 11. HP: 52/83 MP: 11/11
  8292 | D:10     | Found a bloodstained altar of Trog.
  8428 | D:10     | Noticed a two-headed ogre
  8439 | D:10     | Killed a two-headed ogre
  8440 | D:10     | Reached skill level 8 in Shields
  8590 | D:10     | Found Pufiywkaubu's Antique Weapon Boutique.
  8640 | D:10     | Found a broken altar of Ashenzari.
  8743 | D:11     | Noticed a cyclops
  8749 | D:11     | Noticed a two-headed ogre
  8758 | D:11     | Noticed a manticore
  8760 | D:11     | Killed a cyclops
  8766 | D:11     | Killed a two-headed ogre
  8797 | D:10     | Slain by a manticore

Illustrated notes

Levels and vault maps discovered:
D:1:      zelgadis_glass_arrival_small, layout_loops_ring,
          ebering_ecumenical_altar_mist, nrook_mini_vaults,
          grunt_decor_mini_mirrors
D:2:      layout_loops_ring, roderic_lattice_a
D:3:      layout_rooms, chequers_decorated_corner
D:4:      layout_gridville, marbit_many_paths, mainiacjoe_overflow_big_doors,
          bloody_makhleb, portal_sewer_entry_d, amethyst_killhole,
          serial_bayou_crossing, uniq_robin
D:5:      layout_cave_pools, minivault_4, uniq_eustachio
D:6:      layout_cave_pools, lemuel_crystal_altar, kennysheep_mini,
          serial_shops, shop, nicolae_shop_bloodbath_and_beyond,
          serial_gnoll_camp, gnoll_camp_mini_loothouse, gnoll_camp_mini_shop,
          gnoll_camp_mini_sergeant, gnoll_camp_mini_shop
D:7:      gammafunk_the_bubble [the_bubble_gammafunk_split], layout_basic,
          minmay_temple_entry_sparse_star, minmay_fractal_squares_diagonal_5
D:8:      layout_basic, dreamdust_mushroom_princess, water_maze_lemuel
D:9:      layout_irregular_city, okawaru_metal_pillars_1_2,
          grunt_dithmenos_shadows
D:10:     layout_cave_pools, mainiacjoe_overflow_catwalk, lemuel_crystal_altar,
          mainiacjoe_overflow_boulevard, serial_shops, shop
D:11:     layout_basic, erik_lair_orcish_takeover,
          eat_drink_and_be_merry_uskayaw
Temple:   jpeg_temple_clearing

Skill      XL: |  1  2  3  4  5  6  7  8  9 10 11 |
---------------+----------------------------------+-----
Polearms       | 3 4 |  4.1
Dodging        | 1 2 3 |  3.7
Fighting       | 4 5 6 7 |  7.4
Axes           | 1 2 3 5 6 7 |  7.5
Evocations     | 1 2 4 5 7 |  7.5
Armour         | 3 4 5 |  5.8
Shields        | 4 6 7 8 |  8.5
Throwing       | 1 |  1.6
Stealth        | 1 |  1.6

Action                   |  1- 3 |  4- 6 |  7- 9 | 10-12 || total
-------------------------+-------+-------+-------+-------++-------
Melee: Trident           |    71 |       |       |       ||    71
       Hand axe          |    19 |   100 |   236 |   202 ||   557
       Unarmed           |       |       |     2 |       ||     2
Throw: Javelin           |       |       |     6 |    17 ||    23
       Dart              |       |       |       |     2 ||     2
Evoke: Wand              |       |       |       |     3 ||     3
  Use: Scroll            |       |    11 |     3 |     2 ||    16
       Potion            |       |       |     1 |     7 ||     8
 Stab: Distracted        |       |       |       |     2 ||     2
       Invisible         |       |       |       |     2 ||     2
Armor: Scale mail        |    28 |    59 |    26 |       ||   113
       Skin              |       |       |     2 |       ||     2
       Chain mail        |       |       |   108 |    90 ||   198
Dodge: Dodged            |    37 |    67 |    89 |    72 ||   265
Block: Buckler           |    18 |    37 |    45 |       ||   100
       Kite shield       |       |       |    73 |   143 ||   216

Table legend: (Time is in decaauts)
 A = Elapsed time spent in this place.
 B = Non-inter-level travel time spent in this place.
 C = Inter-level travel time spent in this place.
 D = Time resting spent in this place.
 E = Time spent auto-exploring this place.
 F = Levels seen in this place.
 G = Mean time per level.
                   A        B        C        D        E       F      G
               +--------+--------+--------+--------+--------+-----+--------+
         Total |   8785 |   8734 |     51 |    410 |   3609 |  13 |  675.8 |
       Dungeon |   8357 |   8306 |     51 |    384 |   3513 |  11 |  759.7 |
        Temple |     73 |     73 |      0 |      0 |     13 |   1 |   73.0 |
         Sewer |    353 |    353 |      0 |     26 |     83 |   1 |  353.0 |
               +--------+--------+--------+--------+--------+-----+--------+

Top non-repeatable levels by time:
     D:4: 1299 daAuts
     D:8: 1043 daAuts
     D:9: 930 daAuts
     D:6: 855 daAuts
     D:1: 800 daAuts
     D:7: 771 daAuts
    D:10: 744 daAuts
     D:5: 712 daAuts
     D:2: 665 daAuts
     D:3: 494 daAuts
   Sewer: 353 daAuts
  Temple: 73 daAuts
    D:11: 40 daAuts
